 Dungeon Crawl Stone Soup version 0.28-a0-1292-gb4563b2 (webtiles) character file.

Game seed: 1109760126753001483

249 Remcycle the Spear-Bearer (level 6, -3/44 HPs)
             Began as a Merfolk Gladiator on Dec 27, 2021.
             Splashed by a jelly's acid (5 damage)
             ... on level 4 of the Dungeon.
             The game lasted 00:05:32 (3295 turns).

Remcycle the Spear-Bearer (Merfolk Gladiator)       Turns: 3295, Time: 00:05:33

Health: -3/44      AC: -6    Str: 16    XL:     6   Next: 12%
Magic:  6/6        EV: 17    Int:  7    God:
Gold:   82         SH:  0    Dex: 16    Spells: 5/5 levels left

rFire   . . .      SeeInvis .   a - +0 trident
rCold   . . .      Faith    .   (no shield)
rNeg    + . .      Spirit   .   b - +0 leather armour
rPois   .          Reflect  .   c - +0 helmet
rElec   .          Harm     .   (no cloak)
rCorr   .          Rampage  .   f - +0 pair of gloves
Will    .....                   e - +0 pair of boots
Stlth   +.........              (no amulet)
HPRegen 0.14/turn               j - ring of positive energy
MPRegen 0.10/turn               k - +4 ring of evasion

@: corroded
A: (nimble swimmer 2), mertail
a: no special abilities


You were on level 4 of the Dungeon.
You visited 1 branch of the dungeon, and saw 4 of its levels.

You collected 82 gold pieces.

Inventory:

Hand Weapons
 a - a +0 trident (weapon)
Missiles
 d - 3 throwing nets (quivered)
 l - 4 curare-tipped darts
 n - 4 datura-tipped darts
 o - 2 poisoned darts
Armour
 b - a +0 leather armour (worn)
 c - a +0 helmet (worn)
 e - a +0 pair of boots (worn)
 f - a +0 pair of gloves (worn)
Jewellery
 j - a ring of positive energy (left hand)
 k - a +4 ring of evasion (right hand)
Scrolls
 m - a scroll of holy word
Potions
 g - a potion of resistance
 h - a potion of heal wounds
 i - a potion of attraction {unknown}
 p - a potion of curing {unknown}


   Skills:
 - Level 2.1 Fighting
 + Level 9.6 Polearms
 - Level 2.0 Throwing
 - Level 4.0 Dodging


You had 5 spell levels left.
You didn't know any spells.
Your spell library contained the following spells:

 Spells                   Type           Power      Damage    Failure   Level
 Shock                    Conj/Air       0%         1d3       50%         1
 Corpse Rot               Necr/Air       0%         N/A       65%         2
 Poisonous Vapours        Pois/Air       0%         N/A       65%         2
 Stone Arrow              Conj/Erth      0%         3d7       86%         3
 Swiftness                Air            0%         N/A       86%         3
 Airstrike                Air            0%         N/A       99%         4
 Animate Armour           Summ/Erth      0%         N/A       99%         4
 Hailstorm                Conj/Ice       0%         3d3       99%         4
 Ice Form                 Ice/Tmut       0%         N/A       99%         4
 Summon Lightning Spire   Summ/Air       0%         N/A       99%         4
 Lightning Bolt           Conj/Air       0%         1d11      100%        5
 Simulacrum               Ice/Necr       0%         N/A       100%        6
 Lehudib's Crystal Spear  Conj/Erth      0%         10d2      100%        8


Dungeon Overview and Level Annotations

Branches:
Dungeon (4/15)
 Temple: D:4-7

Altars:
Uskayaw
Zin


Innate Abilities, Weirdness & Mutations

((You are very nimble when in or above water. (Stealth+, EV+, Speed+++)))
Your lower body shifts to a powerful aquatic tail in water.


Message History

You see here 15 sling bullets.
You hear a distant slurping noise.
A jelly comes into view.
A jelly is nearby!
The jelly quivers.
You reach to attack!
You puncture the jelly!
The jelly is moderately wounded.
You hit the jelly. The acid corrodes you!
Your hands burn!
The jelly is moderately wounded.
You completely miss the jelly.
The jelly is moderately wounded.
The jelly completely misses you.
You puncture the jelly!
Your hands burn!
The jelly is heavily wounded.
The jelly misses you.
You hit the jelly. The acid corrodes you!
Your hands burn!
The jelly is heavily wounded.
The jelly barely misses you.
You completely miss the jelly.
The jelly is heavily wounded.
The jelly hits you.
You are splashed with acid!
You puncture the jelly!
Your hands burn!
The jelly is almost dead.
You hit the jelly but do no damage.
Your hands burn!
The jelly is almost dead.
The jelly hits you. The acid corrodes you!
You are splashed with acid.
You are too injured to fight recklessly!
You are too injured to fight recklessly!
You are too injured to fight recklessly!
You hit the jelly but do no damage.
Your hands burn!
The jelly is almost dead.
The jelly closely misses you.
You hit the jelly but do no damage.
Your hands burn!
The jelly is almost dead.
The jelly hits you.
* * * LOW HITPOINT WARNING * * *
You are splashed with acid!
* * * LOW HITPOINT WARNING * * *
You hit the jelly but do no damage.
Your hands burn!
You die...

# ###############
#.#####+#.............#
#...$$....####.........
#........<.(.(....###.#
#....J@..(####.##.#...#
#.....?.........#.#.###
#........#####..#.#.#
#.#####+## #..#.#)# ..
#..#.#.# # ####.#.#
..#.# ######.###
+.....>)..


You could see a jelly.

Vanquished Creatures
  An ogre (D:4)
  Robin (D:3)
  3 gnolls (D:2)
  2 adders (D:2)
  A worm (D:2)
  3 dart slugs
  An orc (D:2)
  5 endoplasms
  2 giant cockroaches (D:1)
  12 goblins
  9 hobgoblins
  4 jackals
  7 kobolds
  3 quokkas
  10 ball pythons
  3 bats
  4 frilled lizards
  6 rats
77 creatures vanquished.

Vanquished Creatures (collateral kills)
  An adder (D:3)
  An orc (D:3)
  A ball python (D:3)
  2 jackals (D:3)
  A quokka (D:3)
6 creatures vanquished.

Grand Total: 83 creatures vanquished

Notes
Turn   | Place    | Note
-------+----------+-------------------------------------------
     0 | D:1      | Remcycle the Merfolk Gladiator began the quest for the Orb.
     0 | D:1      | Reached XP level 1. HP: 16/16 MP: 1/1
   123 | D:1      | Found a faded altar of an unknown god.
   138 | D:1      | Reached skill level 5 in Polearms
   231 | D:1      | Reached XP level 2. HP: 17/22 MP: 2/2
   470 | D:1      | Reached skill level 6 in Polearms
   470 | D:1      | Reached XP level 3. HP: 27/27 MP: 3/3
  1342 | D:2      | Reached skill level 7 in Polearms
  1342 | D:2      | Reached XP level 4. HP: 18/33 MP: 4/4
  1627 | D:2      | You fall into a shaft and drop 1 floor!
  1759 | D:3      | Noticed Robin
  1773 | D:3      | Killed Robin
  2048 | D:2      | Reached skill level 8 in Polearms
  2050 | D:2      | Reached XP level 5. HP: 16/38 MP: 5/5
  2730 | D:3      | Noticed a +0 dagger
  2730 | D:3      | Noticed a +0 falchion
  2732 | D:3      | Noticed a +0 short sword
  2732 | D:3      | Noticed a +0 dagger
  2733 | D:3      | Noticed a +0 spear
  2734 | D:3      | Noticed a +0 short sword
  2735 | D:3      | Noticed a +0 spear
  2735 | D:3      | Noticed a +0 falchion
  2736 | D:3      | Found a hide-covered altar of Uskayaw.
  2832 | D:3      | Found a glowing silver altar of Zin.
  2978 | D:4      | Noticed an ogre
  2998 | D:4      | Killed an ogre
  2999 | D:4      | Reached skill level 9 in Polearms
  2999 | D:4      | Reached XP level 6. HP: 12/44 MP: 6/6
  3294 | D:4      | HP: 2/44 [acid (11)]
  3295 | D:4      | Splashed by a jelly's acid

Illustrated notes

Levels and vault maps discovered:
D:1:      saegor_arrival_simple_c, layout_basic,
          chequers_ecumenical_altar_simple_redux
D:2:      layout_basic, kennysheep_generic_room_2
D:3:      layout_rooms, zin_scriptorium, nicolae_uskayaw_en_pointe, uniq_robin
D:4:      layout_basic, mainiacjoe_overflow_big_doors, serial_shops, shop,
          minmay_small_thing

Skill      XL: |  1  2  3  4  5 |
---------------+----------------+-----
Polearms       | 5 6 7 8 9 |  9.6
Fighting       | |  2.1
Throwing       | |  2.0
Dodging        | |  4.0

Action                   |  1- 3 |  4- 6 || total
-------------------------+-------+-------++-------
Melee: Trident           |   107 |   119 ||   226
  Use: Potion            |       |     1 ||     1
       Scroll            |       |     6 ||     6
 Stab: Sleeping          |     2 |     2 ||     4
Armor: Leather armour    |    17 |    14 ||    31
Dodge: Dodged            |    44 |    62 ||   106

Table legend: (Time is in decaauts)
 A = Elapsed time spent in this place.
 B = Non-inter-level travel time spent in this place.
 C = Inter-level travel time spent in this place.
 D = Time resting spent in this place.
 E = Time spent auto-exploring this place.
 F = Levels seen in this place.
 G = Mean time per level.
                   A        B        C        D        E       F      G
               +--------+--------+--------+--------+--------+-----+--------+
         Total |   3281 |   3089 |    192 |    451 |   2144 |   4 |  820.2 |
       Dungeon |   3281 |   3089 |    192 |    451 |   2144 |   4 |  820.2 |
               +--------+--------+--------+--------+--------+-----+--------+

Top non-repeatable levels by time:
     D:2: 1318 daAuts
     D:1: 903 daAuts
     D:3: 713 daAuts
     D:4: 345 daAuts
